 Dungeon Crawl Stone Soup version 0.24-a0-291-g79c1ce7 (webtiles) character file.

Game seed: 8308944455329360473

1089 theanonym the Cleaver (level 8, -8/67 HPs)
             Began as a Minotaur Warper on May 10, 2019.
             Mangled by a mummy (12 damage)
             ... in an ossuary.
             The game lasted 00:05:28 (3751 turns).

theanonym the Cleaver (Minotaur Warper)             Turns: 3751, Time: 00:05:29

Health: -8/67      AC:  7    Str: 18    XL:     8   Next: 9%
Magic:  9/9        EV:  7    Int: 14    God:
Gold:   191        SH: 11    Dex: 10    Spells: 9/9 levels left

rFire    . . .     SeeInvis .   a - +0 war axe
rCold    . . .     Gourm    .   j - +0 large shield
rNeg     . . .     Faith    .   b - +1 leather armour
rPois    +         Spirit   .   (helmet restricted)
rElec    .         Reflect  .   g - +2 cloak
rCorr    .         Harm     .   (no gloves)
MR       .....     Rnd*Rage +   (no boots)
Stlth    +.........             x - amulet of rage
HPRegen  0.21/turn              y - +2 ring of intelligence
MPRegen  0.11/turn              l - +4 ring of slaying

@: marked, berserk cooldown, slowed, very slow
A: retaliatory headbutt, horns 2, berserk 1, clever 1, sense surroundings 1,
poison resistance
a: Evoke Berserk Rage


Innate Abilities, Weirdness & Mutations

You reflexively headbutt those who attack you in melee.
You have a pair of horns on your head.
You tend to lose your temper in combat.
Your mind is acute. (Int +2)
You passively map a small area around you.
Your system is resistant to poisons. (rPois)


   Skills:
 + Level 4.3 Fighting
 * Level 10.9 Axes
 - Level 1.0 Throwing
 - Level 1.2 Armour
 - Level 2.1 Dodging
 - Level 1.3 Spellcasting
   Level 2.1 Translocations


You had 9 spell levels left.
You didn't know any spells.
Your spell library contained the following spells:

 Spells                   Type           Power        Failure   Level  Hunger
 Blink                    Tloc           N/A          99%         2    ###....
 Shroud of Golubria       Chrm/Tloc      #.........   100%        2    ###....
 Gell's Gravitas          Tloc           #.........   100%        3    ####...
 Lesser Beckoning         Tloc           #.........   100%        3    ####...
 Teleport Other           Tloc           #.......     100%        3    ####...
 Passage of Golubria      Tloc           N/A          100%        4    #####..

Skill      XL: |  1  2  3  4  5  6  7 |
---------------+----------------------+-----
Axes           | 3 4 7 8 9 10 | 10.9
Fighting       | 4 |  4.3
Throwing       | |  1.0
Armour         | |  1.2
Dodging        | |  2.1
Spellcasting   | |  1.3
Translocations | |  2.1

Action                   |  1- 3 |  4- 6 |  7- 9 || total
-------------------------+-------+-------+-------++-------
Melee: Hand axe          |    93 |    40 |    23 ||   156
       Headbutt          |    16 |     8 |     9 ||    33
       War axe           |       |       |    30 ||    30
Throw: Tomahawk          |       |     2 |       ||     2
 Abil: Evoke Berserk Rag |       |       |     1 ||     1
  Use: Potion            |     7 |     2 |     4 ||    13
       Scroll            |     3 |     9 |       ||    12
  Eat: Chunk             |     3 |     4 |     2 ||     9
Armor: Leather armour    |    20 |    12 |     7 ||    39
Dodge: Dodged            |    59 |    33 |    17 ||   109
Block: Large shield      |       |       |    22 ||    22

Inventory:

Hand Weapons
 a - a +0 war axe (weapon)
 c - a +1 hand axe
Missiles
 f - 3 tomahawks of dispersal (quivered)
Armour
 b - a +1 leather armour (worn)
 g - a +2 cloak (worn)
 j - a +0 large shield (worn)
Jewellery
 l - a +4 ring of slaying (right hand)
 x - an amulet of rage (around neck)
 y - a +2 ring of intelligence (left hand)
Scrolls
 h - a scroll of enchant armour
 n - 5 scrolls of remove curse
 r - 2 scrolls of identify
Potions
 d - 2 potions of brilliance
 k - a potion of flight
Comestibles
 e - 5 rations
 o - 2 chunks of flesh You were in an ossuary. You were hungry. You visited 1 branch of the dungeon, and saw 4 of its levels. You also visited: Ossuary. You collected 191 gold pieces.

Dungeon Overview and Level Annotations

Branches:
Dungeon (4/15)
 Temple: D:4-7

Altars:
Ru
Wu Jian

#.....#
#..∩..#
#.....#
#..∩..#
#.....#
#.....#
#.....#
#...MM#
##..@##
#####


You could see 2 mummies.

Notes
Turn   | Place    | Note
-------+----------+-------------------------------------------
     0 | D:1      | theanonym the Minotaur Warper began the quest for the Orb.
     0 | D:1      | Reached XP level 1. HP: 18/18 MP: 1/1
   116 | D:1      | Reached skill level 3 in Axes
   444 | D:1      | Reached XP level 2. HP: 25/25 MP: 3/3
   852 | D:2      | Reached skill level 4 in Axes
   873 | D:2      | Reached XP level 3. HP: 30/30 MP: 4/4
  1088 | D:2      | HP: 14/30 [worm (10)]
  1090 | D:2      | HP: 6/30 [worm (8)]
  1577 | D:3      | HP: 9/30 [worm (8)]
  1751 | D:3      | Reached skill level 5 in Axes
  1767 | D:3      | Noticed Grinder
  1767 | D:3      | HP: 14/30 [Grinder/nerve-wracking pain (11)]
  1775 | D:3      | Gained mutation: Your muscles are strong. (Str +2) [potion
                  | of mutation]
  1775 | D:3      | Gained mutation: Your magical capacity is low. (-10% MP)
                  | [potion of mutation]
  1775 | D:3      | Gained mutation: Your muscles are very strong. (Str +4)
                  | [potion of mutation]
  1788 | D:3      | HP: 9/30 [Grinder (8)]
  1789 | D:3      | HP: 1/30 [Grinder (6)]
  1793 | D:3      | Killed Grinder
  1793 | D:3      | Reached skill level 7 in Axes
  1793 | D:3      | Reached XP level 4. HP: 1/37 MP: 4/4
  1793 | D:3      | Reached XP level 5. HP: 2/42 MP: 5/5
  2255 | D:3      | Found a runed translucent door.
  2256 | D:3      | Noticed Crazy Yiuf
  2407 | D:3      | Noticed a hippogriff
  2410 | D:3      | HP: 21/42 [hippogriff (7)]
  2417 | D:3      | HP: 11/42 [hippogriff (11)]
  2417 | D:3      | HP: 2/42 [hippogriff (7)]
  2734 | D:3      | Found a sacrificial altar of Ru.
  2872 | D:3      | Found an ornate altar of the Wu Jian Council.
  3055 | D:3      | HP: 18/42 [hippogriff (4)]
  3057 | D:3      | Killed a hippogriff
  3057 | D:3      | Reached skill level 8 in Axes
  3057 | D:3      | Reached XP level 6. HP: 39/50 MP: 6/6
  3204 | D:3      | Killed Crazy Yiuf
  3291 | D:4      | Reached skill level 9 in Axes
  3308 | D:4      | Reached XP level 7. HP: 46/56 MP: 7/7
  3383 | D:4      | Reached skill level 10 in Axes
  3431 | D:4      | Reached skill level 3 in Fighting
  3474 | D:4      | HP: 22/57 [iguana (10)]
  3692 | D:4      | Found a sand-covered staircase.
  3700 | Ossuary  | Entered an ossuary
  3708 | Ossuary  | Reached skill level 4 in Fighting
  3711 | Ossuary  | Reached XP level 8. HP: 50/66 MP: 8/8
  3714 | Ossuary  | HP: 31/66 [centaur zombie (5)]
  3715 | Ossuary  | HP: 7/66 [mummy (13)]
  3718 | Ossuary  | Lost mutation: Your muscles are very strong. (Str +4)
                  | [potion of mutation]
  3718 | Ossuary  | Lost mutation: Your muscles are strong. (Str +2) [potion of
                  | mutation]
  3718 | Ossuary  | Lost mutation: Your magical capacity is low. (-10% MP)
                  | [potion of mutation]
  3718 | Ossuary  | Gained mutation: You passively map a small area around you.
                  | [potion of mutation]
  3718 | Ossuary  | Gained mutation: Your mind is acute. (Int +2) [potion of
                  | mutation]
  3718 | Ossuary  | Gained mutation: You tend to lose your temper in combat.
                  | [potion of mutation]
  3718 | Ossuary  | Gained mutation: Your system is resistant to poisons.
                  | (rPois) [potion of mutation]
  3720 | Ossuary  | HP: 12/66 [hobgoblin zombie (3)]
  3730 | Ossuary  | HP: 6/66 [mummy (7)]
  3749 | Ossuary  | HP: 3/67 [mummy (9)]
  3751 | Ossuary  | Mangled by a mummy

Vanquished Creatures
  A hippogriff (D:3)
  Grinder (D:3)
  2 phantoms (D:4)
  An ogre (D:4)
  A bullfrog (D:4)
  A howler monkey (D:4)
  2 centaur zombies (Ossuary)
  An orc wizard (D:4)
  Crazy Yiuf (D:3)
  A centaur skeleton (D:4)
  An iguana (D:4)
  A worker ant (D:4)
  3 big kobold zombies (Ossuary)
  3 mummies (Ossuary)
  2 adders
  An ooze (D:1)
  4 worms
  A dart slug (D:3)
  3 orcs (D:4)
  A ball python (D:4)
  3 giant cockroaches
  8 goblins
  3 hobgoblins
  7 kobolds
  A quokka (D:2)
  6 bats
  4 frilled lizards
  4 hobgoblin zombies (Ossuary)
  3 rats
71 creatures vanquished.

Table legend:
 A = Turns spent in this place as a percentage of turns spent in the entire game.
 B = Non-inter-level travel turns spent in this place as a percentage of non-inter-level travel turns spent in the entire game.
 C = Inter-level travel turns spent in this place as a percentage of turns spent in this place.
 D = Turns resting spent in this place as a percentage of non-inter-level travel turns spent in this place.
 E = Turns spent auto-exploring this place as a percentage of non-inter-level travel turns spent in this place.
 F = Non-inter-level travel turns spent in this place divided by the number of levels of this place that you've seen.
                   A       B       C       D       E      F
               +-------+-------+-------+-------+-------+----------------------
         Total | 100.0 | 100.0 |   3.1 |  30.5 |  56.5 | 726.8
       Dungeon |  98.6 |  98.6 |   3.2 |  31.0 |  57.3 | 895.8
       Ossuary |   1.4 |   1.4 |   0.0 |   0.0 |   0.0 |  51.0
               +-------+-------+-------+-------+-------+----------------------
